PL
PANAMA CITY PIRANHAS @ ATLANTA SMOKE
09/21/2024
 
TOP OF THE 1ST
Panama City Piranhas batting - Pitching for Atlanta Smoke : RHP Enrique Cortéz
Pitching: RHP Enrique Cortéz
Batting: LHB Floyd Long 0-0: Called Strike
0-1: Foul Ball, location: 2F
0-2: Ball
1-2: Ground out 6-3 (Groundball, 6)
Batting: LHB Sergio Muńóz 0-0: Foul Ball, location: 2F
0-1: Ball
1-1: Swinging Strike
1-2: Fly out, F9 (Flyball, 9LD)
Batting: LHB Steve Cunningham 0-0: Ground out 1-3 (Groundball, 13S)
Top of the 1st over - 0 run(s), 0 hit(s), 0 error(s), 0 left on base; Panama City 0 - Atlanta 0
BOTTOM OF THE 1ST
Atlanta Smoke batting - Pitching for Panama City Piranhas : RHP Dave Tomlinson
Pitching: RHP Dave Tomlinson
Batting: RHB Bartolo Morales 0-0: Ball
1-0: Ground out 6-3 (Groundball, 6M)
Batting: LHB Bernardo Elías 0-0: Called Strike
0-1: Called Strike
0-2: Foul Ball, location: 2F
0-2: Fly out, F9 (Flyball, 9LM)
Batting: LHB Albert Morán 0-0: Ball
1-0: Ball
2-0: Ball
3-0: Fly out, F5 (Popup, 5SF)
Bottom of the 1st over - 0 run(s), 0 hit(s), 0 error(s), 0 left on base; Panama City 0 - Atlanta 0
TOP OF THE 2ND
Panama City Piranhas batting - Pitching for Atlanta Smoke : RHP Enrique Cortéz
Batting: SHB Marc Talamante 0-0: Reached on error, E1 (Groundball, 23)
Batting: RHB Brad Perry 0-0: Swinging Strike
0-1: Ball
1-1: Ground out 5-3 (Groundball, 56S)
Marc Talamante to second
Batting: LHB Ye Der 0-0: Ground out 4-3 (Groundball, 4)
Marc Talamante to third
Batting: LHB Herman Hayes 0-0: SINGLE (Line Drive, 6MD)
Marc Talamante scores
Batting: RHB Fernando Silva 0-0: Called Strike
0-1: Ball
1-1: Called Strike
1-2: Ball
2-2: Ball
3-2: Base on Balls
Herman Hayes to second
Batting: RHB Armando Alvarado 0-0: Ball
1-0: Foul Ball, location: 2F
1-1: Foul Ball, location: 2F
1-2: Strikes out looking
Top of the 2nd over - 1 run(s), 1 hit(s), 1 error(s), 2 left on base; Panama City 1 - Atlanta 0
BOTTOM OF THE 2ND
Atlanta Smoke batting - Pitching for Panama City Piranhas : RHP Dave Tomlinson
Batting: RHB Jonathan Cook 0-0: Ground out 5-3 (Groundball, 5L)
Batting: RHB Cale Sutton 0-0: Ball
1-0: Foul Ball, location: 2F
1-1: Ball
2-1: Foul Ball, location: 2F
2-2: Ball
3-2: Foul Ball, location: 2F
3-2: SOLO HOME RUN (Flyball, 7D), Distance : 394 ft
Batting: LHB Carl Gore 0-0: Called Strike
0-1: Ball
1-1: Ball
2-1: Swinging Strike
2-2: Ball
3-2: Strikes out swinging
Batting: LHB Armando Esparza 0-0: Foul Ball, location: 2F
0-1: Ball
1-1: Ball
2-1: Ball
3-1: Base on Balls
Batting: SHB Juan Ortega 0-0: Ball
1-0: Called Strike
1-1: Called Strike
1-2: Ball
2-2: Strikes out looking
Bottom of the 2nd over - 1 run(s), 1 hit(s), 0 error(s), 1 left on base; Panama City 1 - Atlanta 1
TOP OF THE 3RD
Panama City Piranhas batting - Pitching for Atlanta Smoke : RHP Enrique Cortéz
Batting: LHB Floyd Long 0-0: Ball
1-0: Ball
2-0: Called Strike
2-1: Ground out 1-3 (Groundball, 15)
Batting: LHB Sergio Muńóz 0-0: Ground out U3 (Groundball, 3)
Batting: LHB Steve Cunningham 0-0: Called Strike
0-1: Swinging Strike
0-2: Ball
1-2: Foul Ball, location: 2F
1-2: Ball
2-2: Foul Ball, location: 2F
2-2: Foul Ball, location: 2F
2-2: Fly out, F7 (Flyball, 7D)
Top of the 3rd over - 0 run(s), 0 hit(s), 0 error(s), 0 left on base; Panama City 1 - Atlanta 1
BOTTOM OF THE 3RD
Atlanta Smoke batting - Pitching for Panama City Piranhas : RHP Dave Tomlinson
Batting: RHB Anthony Johnston 0-0: Fly out, F8 (Flyball, 8LM)
Batting: RHB Bartolo Morales 0-0: Ground out 2-3 (Groundball, 2R)
Batting: LHB Bernardo Elías 0-0: Ball
1-0: Foul Ball, location: 2F
1-1: Called Strike
1-2: Foul Ball, location: 2F
1-2: Foul Ball, location: 2F
1-2: Fly out, F7 (Flyball, 7LM)
Bottom of the 3rd over - 0 run(s), 0 hit(s), 0 error(s), 0 left on base; Panama City 1 - Atlanta 1
TOP OF THE 4TH
Panama City Piranhas batting - Pitching for Atlanta Smoke : RHP Enrique Cortéz
Batting: SHB Marc Talamante 0-0: Called Strike
0-1: Ground out 4-3 (Groundball, 4)
Batting: RHB Brad Perry 0-0: Foul Ball, location: 2F
0-1: Called Strike
0-2: Ball
1-2: Strikes out swinging
Batting: LHB Ye Der 0-0: Called Strike
0-1: Ball
1-1: Swinging Strike
1-2: Strikes out swinging
Top of the 4th over - 0 run(s), 0 hit(s), 0 error(s), 0 left on base; Panama City 1 - Atlanta 1
BOTTOM OF THE 4TH
Atlanta Smoke batting - Pitching for Panama City Piranhas : RHP Dave Tomlinson
Batting: LHB Albert Morán 0-0: Swinging Strike
0-1: Ball
1-1: Ball
2-1: Ground out U3 (Groundball, 3S)
Batting: RHB Jonathan Cook 0-0: Called Strike
0-1: Ball
1-1: Ball
2-1: Ground out 5-3 (Groundball, 5S)
Batting: RHB Cale Sutton 0-0: Foul Ball, location: 2F
0-1: Ball
1-1: Ground out 1-3 (Groundball, 15)
Bottom of the 4th over - 0 run(s), 0 hit(s), 0 error(s), 0 left on base; Panama City 1 - Atlanta 1
TOP OF THE 5TH
Panama City Piranhas batting - Pitching for Atlanta Smoke : RHP Enrique Cortéz
Batting: LHB Herman Hayes 0-0: Ball
1-0: Foul Ball, location: 2F
1-1: Called Strike
1-2: Foul Ball, location: 2F
1-2: Foul Ball, location: 2F
1-2: Ball
2-2: Strikes out swinging
Batting: RHB Fernando Silva 0-0: Ball
1-0: Foul Ball, location: 2F
1-1: Ball
2-1: Called Strike
2-2: Ball
3-2: Strikes out looking
Batting: RHB Armando Alvarado 0-0: Called Strike
0-1: Ball
1-1: Ball
2-1: Called Strike
2-2: Foul Ball, location: 2F
2-2: Foul Ball, location: 2F
2-2: SINGLE (Line Drive, 8LS)
Batting: LHB Floyd Long 0-0: Foul Ball, location: 2F
0-1: Called Strike
0-2: Ball
1-2: Foul Ball, location: 2F
1-2: Ball
2-2: Ground out 3-1 (Groundball, 34)
Top of the 5th over - 0 run(s), 1 hit(s), 0 error(s), 1 left on base; Panama City 1 - Atlanta 1
BOTTOM OF THE 5TH
Atlanta Smoke batting - Pitching for Panama City Piranhas : RHP Dave Tomlinson
Batting: LHB Carl Gore 0-0: Ball
1-0: Called Strike
1-1: Called Strike
1-2: Ball
2-2: Strikes out swinging
Batting: LHB Armando Esparza 0-0: Foul Ball, location: 2F
0-1: Ball
1-1: Called Strike
1-2: Strikes out looking
Batting: SHB Juan Ortega 0-0: Called Strike
0-1: Swinging Strike
0-2: Strikes out swinging
Bottom of the 5th over - 0 run(s), 0 hit(s), 0 error(s), 0 left on base; Panama City 1 - Atlanta 1
TOP OF THE 6TH
Panama City Piranhas batting - Pitching for Atlanta Smoke : RHP Enrique Cortéz
Batting: LHB Sergio Muńóz 0-0: Ball
1-0: Ball
2-0: Foul Ball, location: 2F
2-1: Ball
3-1: SINGLE (Line Drive, 89S)
Batting: LHB Steve Cunningham 0-0: Ball
1-0: Grounds into double play, U4-3 (Groundball, 4)
Batting: SHB Marc Talamante 0-0: Called Strike
0-1: Ball
1-1: Ball
2-1: Ground out 4-3 (Groundball, 4)
Top of the 6th over - 0 run(s), 1 hit(s), 0 error(s), 0 left on base; Panama City 1 - Atlanta 1
BOTTOM OF THE 6TH
Atlanta Smoke batting - Pitching for Panama City Piranhas : RHP Dave Tomlinson
Batting: RHB Anthony Johnston 0-0: Ball
1-0: Fly out, F6 (Line Drive, 6)
Batting: RHB Bartolo Morales 0-0: Fly out, F7 (Flyball, 7M)
Batting: LHB Bernardo Elías 0-0: Called Strike
0-1: Ball
1-1: Ground out 6-3 (Groundball, 6M)
Bottom of the 6th over - 0 run(s), 0 hit(s), 0 error(s), 0 left on base; Panama City 1 - Atlanta 1
TOP OF THE 7TH
Panama City Piranhas batting - Pitching for Atlanta Smoke : RHP Enrique Cortéz
Batting: RHB Brad Perry 0-0: Foul Ball, location: 2F
0-1: Ball
1-1: Ball
2-1: Ball
3-1: Called Strike
Reached via error on a dropped throw, E3
Batting: LHB Ye Der 0-0: Foul Ball, location: 2F
0-1: Swinging Strike
0-2: Foul Ball, location: 2F
0-2: Ball
1-2: Ball
2-2: Strikes out looking
Batting: LHB Herman Hayes 0-0: Called Strike
0-1: Called Strike
0-2: Ball
1-2: Grounds out, U3 (Groundball, 3L)
Batting: RHB Fernando Silva 0-0: Called Strike
0-1: Ball
1-1: Fly out, F7 (Flyball, 7M)
Top of the 7th over - 0 run(s), 0 hit(s), 1 error(s), 1 left on base; Panama City 1 - Atlanta 1
BOTTOM OF THE 7TH
Atlanta Smoke batting - Pitching for Panama City Piranhas : RHP Dave Tomlinson
Batting: LHB Albert Morán 0-0: Ball
1-0: Ball
2-0: Called Strike
2-1: SINGLE (Groundball, 3S) (infield hit)
Pitching: RHP Paco Vélez
Batting: RHB Jonathan Cook 0-0: Ball
1-0: Ball
2-0: Foul Ball, location: 2F
2-1: Foul Ball, location: 2F
2-2: Ball
3-2: Foul Ball, location: 2F
3-2: Foul Ball, location: 2F
3-2: Foul Ball, location: 2F
3-2: Base on Balls
Albert Morán to second
Batting: RHB Cale Sutton 0-0: Ball
1-0: Ball
2-0: Foul Ball, location: 2F
2-1: Ball
3-1: Called Strike
3-2: Base on Balls
Albert Morán to third
Jonathan Cook to second
Batting: LHB Carl Gore 0-0: Ball
1-0: Foul Ball, location: 2F
1-1: Ball
2-1: Foul Ball, location: 2F
2-2: Foul Ball, location: 2F
2-2: Strikes out swinging
Batting: LHB Armando Esparza 0-0: Ball
1-0: Ball
2-0: Foul Ball, location: 2F
2-1: Ball
3-1: Called Strike
3-2: Base on Balls
Albert Morán scores
Jonathan Cook to third
Cale Sutton to second
Pitching: RHP Gunner Hardy
Pinch Hitting: LHB Juan Rodríguez 0-0: Ball
1-0: Called Strike
1-1: Ball
2-1: Called Strike
2-2: Foul Ball, location: 2F
2-2: Ball
3-2: Strikes out swinging
Batting: RHB Anthony Johnston 0-0: Called Strike
0-1: Called Strike
0-2: DOUBLE (Flyball, 7LM)
Jonathan Cook scores
Cale Sutton scores
Armando Esparza to third
Batting: RHB Bartolo Morales 0-0: Ball
1-0: Ground out 4-3 (Groundball, 34)
Bottom of the 7th over - 3 run(s), 2 hit(s), 0 error(s), 2 left on base; Panama City 1 - Atlanta 4
TOP OF THE 8TH
Panama City Piranhas batting - Pitching for Atlanta Smoke : RHP Enrique Cortéz
Now at 2B: Jack Weber
Batting: RHB Armando Alvarado 0-0: SOLO HOME RUN (Flyball, 78XD), Distance : 440 ft
Batting: LHB Floyd Long 0-0: Fly out, F7 (Flyball, 7D)
Batting: LHB Sergio Muńóz 0-0: Swinging Strike
0-1: Ball
1-1: Ball
2-1: Ground out 4-3 (Groundball, 4M)
Batting: LHB Steve Cunningham 0-0: Ball
1-0: Called Strike
1-1: Ball
2-1: Ball
3-1: Called Strike
3-2: DOUBLE (Line Drive, 89XD)
Batting: SHB Marc Talamante 0-0: Called Strike
0-1: Ground out 4-3 (Groundball, 4)
Top of the 8th over - 1 run(s), 2 hit(s), 0 error(s), 1 left on base; Panama City 2 - Atlanta 4
BOTTOM OF THE 8TH
Atlanta Smoke batting - Pitching for Panama City Piranhas : RHP Gunner Hardy
Batting: LHB Bernardo Elías 0-0: Called Strike
0-1: SINGLE (Groundball, 4MD)
Batting: LHB Albert Morán 0-0: Ball
1-0: Foul Ball, location: 2F
1-1: Ball
2-1: Foul Ball, location: 2F
2-2: Ball
3-2: Base on Balls
Bernardo Elías to second
Batting: RHB Jonathan Cook 0-0: Fly out, F8 (Line Drive, 8RM)
Batting: RHB Cale Sutton 0-0: Ball
1-0: Called Strike
1-1: Ball
2-1: Ball
3-1: Base on Balls
Bernardo Elías to third
Albert Morán to second
Batting: LHB Carl Gore 0-0: Called Strike
0-1: Ball
1-1: Ball
2-1: Foul Ball, location: 2F
2-2: Foul Ball, location: 2F
2-2: Foul Ball, location: 2F
2-2: Ball
3-2: Foul Ball, location: 2F
3-2: Foul Ball, location: 2F
3-2: Foul Ball, location: 2F
3-2: Foul Ball, location: 2F
3-2: Fielders Choice at 2nd, 3-6 (Groundball, 34)
Bernardo Elías scores
Albert Morán to third
Batting: LHB Armando Esparza 0-0: Called Strike
0-1: Foul Ball, location: 2F
0-2: Foul Ball, location: 2F
0-2: Ball
1-2: Fly out, F9 (Flyball, 9M)
Bottom of the 8th over - 1 run(s), 1 hit(s), 0 error(s), 2 left on base; Panama City 2 - Atlanta 5
TOP OF THE 9TH
Panama City Piranhas batting - Pitching for Atlanta Smoke : RHP Enrique Cortéz
Batting: RHB Brad Perry 0-0: Called Strike
0-1: Ball
1-1: Foul Ball, location: 2F
1-2: Strikes out swinging
Batting: LHB Ye Der 0-0: Called Strike
0-1: Ball
1-1: Ball
2-1: Ground out 4-3 (Groundball, 4)
Pitching: RHP Iván García
Batting: LHB Herman Hayes 0-0: Foul Ball, location: 2F
0-1: Fly out, F9 (Flyball, 9D)
Top of the 9th over - 0 run(s), 0 hit(s), 0 error(s), 0 left on base; Panama City 2 - Atlanta 5
This league is powered by Out of the Park Baseball, the baseball management simulation game for PC, Mac and Linux
Monday, October 3rd, 2016 - OOTP Baseball 16.9 Build 39